 Dungeon Crawl Stone Soup version 0.23.2-1-ga50397a (webtiles) character file.

Game seed: 3270820747123331719

6612 xveg the Whirler (level 11, 0/78 HPs)
             Began as a Halfling Hunter on May 9, 2019.
             Was a Priest of Makhleb.
             Engulfed by a cloud of flame (9 damage)
             ... on level 9 of the Dungeon.
             The game lasted 00:16:11 (7358 turns).

xveg the Whirler (Halfling Hunter)                  Turns: 7358, Time: 00:16:12

Health: 0/78       AC: 13    Str: 16    XL:     11   Next: 21%
Magic:  11/11      EV: 14    Int:  9    God:    Makhleb [***...]
Gold:   164        SH:  2    Dex: 16    Spells: 10/10 levels left

rFire    . . .     SeeInvis .   a - +7 hunting sling
rCold    + . .     Gourm    .   (shield restricted)
rNeg     . . .     Faith    .   K - +1 chain mail of Lugonu's Hatred {-Tele rPois rC+} (curse)
rPois    +         Spirit   .   k - +0 helmet
rElec    .         Reflect  +   F - +0 cloak
rCorr    .         Harm     .   (no gloves)
MR       .....     NoTele   +   (no boots)
Stlth    ..........             m - +2 amulet of reflection
HPRegen  0.23/turn              t - +3 ring of evasion
MPRegen  0.12/turn              (no ring)

@: studying Shields
A: small, mutation resistance 1
a: Minor Destruction, Lesser Servant of Makhleb, Renounce Religion


You were on level 9 of the Dungeon.
You worshipped Makhleb.
Makhleb was most pleased with you.
You were not hungry.

You visited 1 branch of the dungeon, and saw 9 of its levels.

You collected 688 gold pieces.
You spent 524 gold pieces at shops.

Inventory:

Hand Weapons
 a - a +7 hunting sling (weapon)
 b - a +0 short sword
 h - a +0 quarterstaff of protection
 z - a +2 quarterstaff of crushing
 B - the cursed +2 trident of the Insatiable People {pain, +Fly rPois Dex+2}
   (You found it on level 4 of the Dungeon)

   In the hands of one skilled in necromantic magic, it inflicts extra damage on
   living creatures.
   It affects your dexterity (+2).
   It protects you from poison.
   It lets you fly.
   It has a curse placed upon it.
Missiles
 j - 266 stones (quivered)
 y - 2 tomahawks of returning
Armour
 c - a +0 leather armour
 e - a +0 scale mail
 k - a +0 helmet (worn)
 v - a +1 ring mail
 w - a +0 helmet
 F - a +0 cloak (worn)
 K - the cursed +1 chain mail of Lugonu's Hatred (worn) {-Tele rPois rC+}
   (You bought it in a shop on level 8 of the Dungeon)

   It protects you from cold.
   It protects you from poison.
   It prevents most forms of teleportation.
   It has a curse placed upon it.
Jewellery
 m - a +2 amulet of reflection (around neck)
 t - a +3 ring of evasion (left hand)
 C - an uncursed ring of protection from magic
 G - an uncursed ring of protection from fire {unknown}
 M - an uncursed ring of magical power {unknown}
Wands
 A - a wand of flame (19)
 I - a wand of digging (5)
 O - a wand of paralysis (9)
Scrolls
 d - a scroll of fear
 l - 3 scrolls of magic mapping
 n - 3 scrolls of immolation
 r - 9 scrolls of identify
 D - a scroll of blinking
 H - a scroll of amnesia
 N - a scroll of fog {unknown}
Potions
 g - 5 potions of flight {unknown}
 i - a potion of agility
 o - 3 potions of heal wounds {unknown}
 p - 2 potions of brilliance {unknown}
 q - a potion of mutation {unknown}
 s - a potion of cancellation
 u - 2 potions of lignification {unknown}
 x - 2 potions of curing {unknown}
 E - a potion of berserk rage {unknown}
 J - a potion of haste {unknown}
 P - a potion of degeneration {unknown}
Books
 L - a manual of Shields
Comestibles
 f - 16 rations


   Skills:
 + Level 8.9 Fighting
 + Level 16.3 Slings
 + Level 6.2 Armour
 + Level 3.2 Dodging
 + Level 2.6 Stealth
 + Level 1.1 Shields


You had 10 spell levels left.
You didn't know any spells.
Your spell library contained the following spells:

 Spells                   Type           Power        Failure   Level  Hunger
 Corona                   Hex            #......      99%         1    ##.....
 Slow                     Hex            #.......     100%        2    ###....
 Inner Flame              Hex/Fire       #.......     100%        3    ####...
 Portal Projectile        Hex/Tloc       #.....       100%        3    ####...
 Cause Fear               Hex            #.........   100%        4    #####..
 Leda's Liquefaction      Hex/Erth       #.........   100%        4    #####..
 Bolt of Magma            Conj/Fire/Erth #.........   100%        5    ######.
 Iskenderun's Battlesphe  Conj/Chrm      #.......     100%        5    ######.
 Venom Bolt               Conj/Pois      #.........   100%        5    ######.
 Iron Shot                Conj/Erth      #.........   100%        6    #######
 Orb of Destruction       Conj           #.........   100%        7    #######
 Spellforged Servitor     Conj/Summ      #.........   100%        7    #######


Dungeon Overview and Level Annotations

Branches:
Dungeon (9/15)             Temple (0/1) D:7             Orc (0/2) D:9
   Lair: D:8-11

Altars:
Cheibriados
Fedhas
Gozag
Hepliaklqana
Kikubaaqudgha
Makhleb
Okawaru
Qazlal

Shops:
D:4 *   D:7 }?   D:8 %[%!


Innate Abilities, Weirdness & Mutations

You are small and have problems with some larger weapons.
You are somewhat resistant to further mutation.


Message History

You feel a bit more experienced. Makhleb accepts your kill.
You feel a bit more experienced. Makhleb accepts your kill. x3
You feel better.
Your Armour skill increases to level 6!
Makhleb accepts your kill. x2
You feel better. Makhleb accepts your kill.
You feel better. Makhleb accepts your kill.
The fiery explosion engulfs the gnoll!!
The gnoll explodes!
The fiery explosion engulfs you!!! Makhleb accepts your kill.
You feel better. The fiery explosion engulfs you!!!
* * * LOW HITPOINT WARNING * * *
Makhleb accepts your kill.
You feel better.
You are engulfed in blazing flames.
You die...

.......<........
#####.########## #.
#### .# #. #... #.#
#####.######## #.#.##.#
.........#8§§§8#.#....#
#######..#.§§§§#§# ...#
#..#%§§§§§§# #..#
#######..# #@###..#
.........# #.#....#
#######..## #.#.##.#
#...# #...##.# #...#
######.# #...# #.#
#...###########.#
#######...............#
......................#


There were no monsters in sight!

Vanquished Creatures
  Pikel (D:5)
  A troll (D:9)
  Grinder (D:6)
  4 hippogriffs
  A spriggan (D:8)
  A hungry ghost (D:7)
  Eustachio (D:5)
  Menkaure (D:5)
  A water moccasin (D:8)
  6 orc warriors
  An ice beast (D:9)
  A slave (D:5)
  2 phantoms
  8 ogres
  6 centaurs
  3 big kobolds
  4 bullfrogs
  A gnoll sergeant (D:9)
  4 killer bees (D:8)
  3 wights (D:8)
  5 crimson imps
  3 jellies
  7 hounds
  6 orc wizards
  3 orc priests
  2 bullfrog skeletons
  3 centaur skeletons
  A gnoll shaman (D:4)
  Terence (D:2)
  3 iguanas
  Ijyb (D:4)
  3 worker ants
  A hound zombie (D:6)
  2 hound skeletons
  21 gnolls
  9 adders
  A shadow imp (D:6)
  2 oozes
  3 worms
  A dart slug (D:3)
  5 leopard geckos
  32 orcs
  4 bats
  7 giant cockroaches
  14 goblins
  11 hobgoblins
  11 jackals
  18 kobolds
  6 quokkas
  4 ball pythons
  4 frilled lizards
  A jackal skeleton (D:4)
  6 rats
252 creatures vanquished.

Vanquished Creatures (others)
  A plant (D:4)
1 creature vanquished.

Grand Total: 253 creatures vanquished

Notes
Turn   | Place    | Note
-------+----------+-------------------------------------------
     0 | D:1      | xveg the Halfling Hunter began the quest for the Orb.
     0 | D:1      | Reached XP level 1. HP: 14/14 MP: 1/1
    20 | D:1      | Reached skill level 6 in Slings
    57 | D:1      | Reached XP level 2. HP: 19/19 MP: 2/2
   364 | D:1      | Reached XP level 3. HP: 24/24 MP: 3/3
   556 | D:2      | Reached skill level 7 in Slings
   693 | D:2      | Reached XP level 4. HP: 30/30 MP: 4/4
   717 | D:2      | Noticed Terence
   751 | D:2      | Killed Terence
   889 | D:2      | Reached XP level 5. HP: 28/35 MP: 5/5
  1015 | D:2      | Reached skill level 8 in Slings
  2405 | D:3      | Reached skill level 9 in Slings
  2405 | D:3      | Reached XP level 6. HP: 41/41 MP: 6/6
  2702 | D:4      | Reached skill level 1 in Armour
  2755 | D:4      | Noticed Ijyb
  2764 | D:4      | Killed Ijyb
  2829 | D:4      | Found Pisugekk's General Store.
  2852 | D:4      | Bought a scroll of enchant weapon for 75 gold pieces
  2875 | D:4      | Reached skill level 10 in Slings
  3020 | D:4      | Got a crude trident
  3270 | D:4      | Reached XP level 7. HP: 45/45 MP: 7/7
  3691 | D:4      | Identified the cursed +2 trident of the Insatiable People
                  | {pain, +Fly rPois Dex+2} (You found it on level 4 of the
                  | Dungeon)
  3714 | D:5      | Entered Level 5 of the Dungeon
  3719 | D:5      | Found an iron altar of Okawaru.
  3720 | D:5      | Found a hazy altar of Hepliaklqana.
  3731 | D:5      | Found an ancient bone altar of Kikubaaqudgha.
  3890 | D:5      | Reached skill level 11 in Slings
  4066 | D:5      | Noticed Eustachio
  4070 | D:5      | Noticed Pikel
  4083 | D:5      | Killed Pikel
  4083 | D:5      | Reached skill level 12 in Slings
  4083 | D:5      | Reached XP level 8. HP: 48/54 MP: 8/8
  4102 | D:5      | Killed Eustachio
  4153 | D:5      | Noticed Menkaure
  4158 | D:5      | Killed Menkaure
  4263 | D:5      | Reached skill level 13 in Slings
  4264 | D:5      | Found a burning altar of Makhleb.
  4314 | D:5      | Became a worshipper of Makhleb the Destroyer
  4457 | D:6      | Reached XP level 9. HP: 59/59 MP: 9/9
  4645 | D:6      | Reached skill level 5 in Fighting
  4662 | D:6      | Noticed Grinder
  4669 | D:6      | Killed Grinder
  5137 | D:7      | Reached skill level 14 in Slings
  5198 | D:7      | Reached * piety under Makhleb
  5242 | D:7      | Found a staircase to the Ecumenical Temple.
  5422 | D:7      | Found an opulent altar of Gozag.
  5504 | D:7      | Found Sappaud's Gadget Shoppe.
  5617 | D:7      | Noticed a hippogriff
  5626 | D:7      | Killed a hippogriff
  5647 | D:7      | Found Ozuklot's Magic Scroll Boutique.
  5662 | D:7      | Reached XP level 10. HP: 51/69 MP: 10/10
  5673 | D:7      | Bought a scroll of enchant weapon for 82 gold pieces
  5673 | D:7      | Bought a scroll of enchant weapon for 82 gold pieces
  5884 | D:8      | Found Netzat's Antique Armour Shoppe.
  5892 | D:8      | Bought a transparent chain mail for 285 gold pieces
  5892 | D:8      | Identified the cursed +1 chain mail of Lugonu's Hatred
                  | {-Tele rPois rC+} (You bought it in a shop on level 8 of
                  | the Dungeon)
  5983 | D:8      | Found a stormy altar of Qazlal.
  6019 | D:8      | Reached ** piety under Makhleb
  6125 | D:8      | Found Kidates's Distillery.
  6259 | D:8      | Found Salatao's Food Boutique.
  6308 | D:8      | Reached skill level 15 in Slings
  6527 | D:8      | Reached skill level 5 in Armour
  6556 | D:8      | Found Nuzit's Food Shoppe.
  6818 | D:9      | Reached *** piety under Makhleb
  6826 | D:9      | Found a blossoming altar of Fedhas.
  6963 | D:9      | Reached skill level 1 in Shields
  7191 | D:9      | Reached XP level 11. HP: 78/78 MP: 11/11
  7196 | D:9      | Reached skill level 16 in Slings
  7315 | D:9      | Found a snail-covered altar of Cheibriados.
  7341 | D:9      | Found a staircase to the Orcish Mines.
  7358 | D:9      | Engulfed by a cloud of flame

Skill      XL: |  1  2  3  4  5  6  7  8  9 10 11 |
---------------+----------------------------------+-----
Slings         | 6 7 9 10 12 13 14 15 16 | 16.3
Fighting       | 2 4 6 8 |  8.9
Armour         | 1 2 4 5 6 |  6.2
Stealth        | 2 |  2.6
Shields        | 1 |  1.1
Dodging        | 3 |  3.2

Action                   |  1- 3 |  4- 6 |  7- 9 | 10-12 || total
-------------------------+-------+-------+-------+-------++-------
 Fire: Hunting sling     |    76 |   229 |   238 |   291 ||   834
  Use: Scroll            |       |     8 |     7 |     4 ||    19
  Eat: Ration            |       |     2 |       |     2 ||     4
       Chunk             |       |     1 |     5 |       ||     6
Armor: Leather armour    |     1 |       |       |       ||     1
       Scale mail        |     5 |     8 |       |       ||    13
       Ring mail         |       |     5 |     5 |     1 ||    11
       Chain mail        |       |       |       |    29 ||    29
Dodge: Dodged            |    13 |    42 |    24 |    51 ||   130
Block: Other             |       |     5 |     3 |     6 ||    14
       Reflection        |       |     1 |       |     1 ||     2
